 Dungeon Crawl Stone Soup version 0.31-a0-931-g7b59d4eb97 (webtiles) character file.

Game seed: 7552244474160182147

49 CowFu the Trooper (level 3, -2/31 (37) HPs)
             Began as an Ogre Reaver on Oct 19, 2023.
             Slain by a gnoll
             ... wielding a +0 halberd
              (13 damage)
             ... on level 2 of the Dungeon.
             The game lasted 00:02:07 (1730 turns).

CowFu the Trooper (Ogre Reaver)                     Turns: 1730, Time: 00:02:08

HP:   -2/31 (37)    AC:  4    Str: 18    XL:     3   Next: 77%
MP:   6/7           EV:  9    Int: 14    God:
Gold: 45            SH:  5    Dex:  7    Spells: 7/8 levels left

rFire   . . .        a - +0 flail
rCold   . . .        (no shield)
rNeg    . . .        b - +0 robe
rPois   .            (helmet restricted)
rElec   .            k - +0 cloak
rCorr   .            (gloves unavailable)
SInv    .            (boots unavailable)
Will    .....        c - amulet of reflection
Stlth   +            (no ring)
HPRegen 0.25/turn    (no ring)
MPRegen 0.10/turn

%: reflection
@: heavily drained
A: large, unfitting armour, tough skin 1
a: no special abilities


You were on level 2 of the Dungeon.
You visited 1 branch of the dungeon, and saw 2 of its levels.

You collected 45 gold pieces.

Inventory:

Hand Weapons
 a - a +0 flail (weapon)
Armour
 b - a +0 robe (worn)
 k - a +0 cloak (worn)
Jewellery
 c - an amulet of reflection (around neck)
 f - an amulet of magic regeneration
Scrolls
 d - 2 scrolls of identify {unknown}
 h - a scroll of noise {unknown}
 i - a scroll of poison {unknown}
 j - a scroll of torment {unknown}
 l - a scroll of blinking {unknown}
Potions
 e - a potion of resistance {unknown}
 g - a potion of attraction {unknown}
 m - a potion of haste {unknown}


   Skills:
 + Level 3.3 Fighting
 + Level 3.0 Maces & Flails
 + Level 2.2 Dodging
 + Level 3.0 Spellcasting
 + Level 3.0 Conjurations


You had 7 spell levels left.
You knew the following spells:

 Your Spells              Type           Power      Damage    Failure   Level
a - Kiss of Death         Conj/Necr      24%        2d7       12%         1

Your spell library contained the following spells:

 Spells                   Type           Power      Damage    Failure   Level
 Momentum Strike          Conj/Tloc      12%        3d8       17%         2
 Hailstorm                Conj/Ice       6%         3d4       34%         3


Dungeon Overview and Level Annotations

Branches:
Dungeon (2/15)

Altars:


Innate Abilities, Weirdness & Mutations

You are too large for most types of armour.
You have tough skin. (AC +1)


Message History

You sock the gnoll!
You kill the gnoll!
Your Spellcasting skill increases to level 3!
The gnoll barely misses you.
The gnoll hits you from afar with a +0 spear.
Things that are here:
a +0 club; a gnoll corpse
Okay, then.
You hit the gnoll.
The gnoll is lightly wounded.
The gnoll hits you from afar with a +0 spear.
The gnoll closely misses you. The gnoll hits you but does no damage.
The gnoll attacks as it pursues you! The gnoll completely misses you.
You closely miss the gnoll.
The gnoll is lightly wounded.
The gnoll completely misses you. x2
You barely miss the gnoll.
The gnoll is lightly wounded.
The gnoll closely misses you.
The gnoll hits you from afar with a +0 halberd.
You block the gnoll's attack. The gnoll closely misses you.
You barely miss the gnoll.
The gnoll is lightly wounded.
The gnoll misses you. The gnoll closely misses you.
Okay, then.
You hit the gnoll.
The gnoll is moderately wounded.
The gnoll hits you with a +0 flail.
* * * LOW HITPOINT WARNING * * *
The gnoll closely misses you.
Casting: Kiss of Death (safe; 12% risk of failure)
Confirm with . or Enter, or press ? or * to list all spells.
Aiming: Kiss of Death (safe; 12% risk of failure)
Press: ? - help, Shift-Dir - straight line, f - gnoll
Aim: a gnoll, wielding a +0 flail (moderately wounded, 100% to hit)
The negative energy hits the gnoll!
The gnoll is drained!
You kill the gnoll!
You feel drained.
The gnoll hits you from afar with a +0 halberd!
You die...

##+# ## ##...## ..
##.....## ..
##.......## .##
#.........####:..##
+.........'@)gg...#
#.........####......
#.......## .###.
##.....## # ##...##
##'## #.# ######.##
#.......#


You could see 2 gnolls.

Vanquished Creatures
  3 gnolls
  An adder (D:2)
  A dart slug (D:1)
  2 ball pythons
  3 bats (D:1)
  An endoplasm (D:1)
  A goblin (D:1)
  A hobgoblin (D:2)
  2 kobolds (D:1)
  A quokka (D:1)
  2 frilled lizards (D:2)
  3 rats
21 creatures vanquished.

Notes
Turn   | Place    | Note
-------+----------+-------------------------------------------
     0 | D:1      | CowFu the Ogre Reaver began the quest for the Orb.
     0 | D:1      | Reached XP level 1. HP: 22/22 MP: 3/3
   185 | D:1      | Reached XP level 2. HP: 8/31 MP: 2/5
   789 | D:1      | Reached XP level 3. HP: 33/37 MP: 7/7
  1730 | D:2      | Slain by a gnoll

Illustrated notes

Levels and vault maps discovered:
D:1:      kilobyte_arrival_exit_the_forest, layout_basic, serial_bayou_lagoon_b
D:2:      layout_loops_corners, basic_altar, roderic_serpentine_path

Skill      XL: |  1  2  3 |
---------------+----------+-----
Fighting       | 3 |  3.3
Dodging        | 2 |  2.2
Conjurations   | 3 |  3.0
Maces & Flails | 3 |  3.0
Spellcasting   | 3 |  3.0

Action                     || total
---------------------------++-------
  Melee: Mace              ||    10
         Flail             ||    67
   Cast: Kiss of Death     ||     2
 Armour: Robe              ||    64
  Dodge: Dodged            ||    51
  Block: Other             ||    12
         Reflection        ||     1

Table legend: (Time is in decaauts)
 A = Elapsed time spent in this place.
 B = Non-inter-level travel time spent in this place.
 C = Inter-level travel time spent in this place.
 D = Time resting spent in this place.
 E = Time spent auto-exploring this place.
 F = Levels seen in this place.
 G = Mean time per level.
                   A        B        C        D        E       F      G
               +--------+--------+--------+--------+--------+-----+--------+
         Total |   1747 |   1651 |     96 |      0 |   1450 |   2 |  873.5 |
       Dungeon |   1747 |   1651 |     96 |      0 |   1450 |   2 |  873.5 |
               +--------+--------+--------+--------+--------+-----+--------+

Top non-repeatable levels by time:
     D:1: 1245 daAuts
     D:2: 502 daAuts
